Cogmind - Beta 16 @@@ ROGUE MODE // 2025.11.01 @ 07:47:22 Player: shapeshifter Result: Destroyed by D-53 Grenadier with Mini Grenade Launcher Performance ------------- Evolutions (0) 0 Regions Visited (2) 400 Robots Destroyed (46) 230 Value Destroyed (1015) 1015 Prototype IDs (0) 0 Alien Tech Used (0) 0 Bonus (0) 0 TOTAL SCORE: 1645 Bonus ------- None Cogmind --------- Core Integrity 0/250 Matter 242/300 Energy 265/265 System Corruption 0% Temperature Cool (14) Movement Rolling (115) Ox1 Location -10/Mines Parts ------- > --- POWER (1) -------- Improved Ion Engine > --- PROPULSION (2) --- Compact Wheel Compact Wheel > --- UTILITY (2) ------ Large Storage Unit Light Armor Plating > --- WEAPON (2) ------- Autogun Autogun > --- INVENTORY (15) --- Improved Ion Engine Light Treads Improved Heat Sink Seismic Detector Targeting Computer Hacking Suite Hacking Suite Spread Laser Spread Laser Spread Laser Spread Laser Autogun Datajack Peak State ------------ > --- POWER ------------ Improved Ion Engine > --- PROPULSION ------- Light Treads Light Treads > --- UTILITY ---------- Large Storage Unit Light Armor Plating > --- WEAPON ----------- Spread Laser Spread Laser > --- INVENTORY -------- Improved Ion Engine Light Treads Compact Wheel Improved Terrain Scanner Seismic Detector Targeting Computer Light Armor Plating Hacking Suite Spread Laser Spread Laser Autogun Autogun Autogun Autogun Datajack [Rating: 12] Favorites ----------- Power Improved Ion Engine Engine Improved Ion Engine Power Core Light Nuclear Core Propulsion Light Treads Treads Light Treads Wheel Compact Wheel Utility Light Armor Plating Device Seismic Detector Storage Large Storage Unit Protection Light Armor Plating Weapon Assault Rifle Energy Gun Spread Laser Ballistic Gun Assault Rifle Build | -11 -10 -10 ------- Run | Yrd Mat Min Slots Evolved . | . . . Power . | . . . Propulsion . | . . . Utility . | . . . Weapon . | . . . Parts Attached 28 | 7 15 6 Power 4 | 1 3 . Engine 3 | 1 2 . Core 1 | . 1 . Reactor . | . . . Propulsion 6 | 2 2 2 Treads 4 | 2 2 . Leg . | . . . Wheel 2 | . . 2 Hover . | . . . Flight . | . . . Utility 7 | 2 4 1 Device 1 | 1 . . Storage 2 | 1 1 . Processor . | . . . Hackware . | . . . Protection 4 | . 3 1 Artifact . | . . . Weapon 11 | 2 6 3 Energy Gun 4 | 1 3 . Energy Cannon . | . . . Ballistic Gun 7 | 1 3 3 Ballistic Cannon . | . . . Launcher . | . . . Special Weapon . | . . . Impact Weapon . | . . . Slashing Weapon . | . . . Piercing Weapon . | . . . Special Melee Weapon . | . . . Unidentified Prototypes . | . . . Parts Lost 5 | . 2 3 Power 1 | . 1 . Propulsion 1 | . . 1 Utility 2 | . 1 1 Weapon 1 | . . 1 Highest Loss Streak 2 | . 2 2 To Critical Strikes . | . . . Average Backups 10 | 4 8 14 Power . | . 1 1 Propulsion 1 | 1 1 . Utility 4 | . 4 5 Weapon 2 | . 1 5 Tool/Special . | . . . Unused Backups 13 | . 4 9 Power 2 | . 1 1 Propulsion 1 | . 1 . Utility 5 | . 1 4 Weapon 4 | . 1 3 Tool/Special 1 | . . 1 Average Slot Usage (%) 98 | . 99 98 Engine 10 | . 9 14 Core 3 | . 4 . Treads 21 | . 28 7 Wheel 6 | . . 20 Device 2 | . 3 . Storage 14 | . 14 14 Protection 11 | . 10 13 Energy Gun 4 | . 3 7 Ballistic Gun 22 | . 24 20 Peak Build Rating 12 | 7 12 12 Average Rating 9 | 4 8 11 On Entrance 6 | . 7 12 Avg Prop Armor Cover (%) . | . . . Naked Turns . | . . . Heaviest Build 36 | 11 36 36 Greatest Support 40 | 40 40 40 Greatest Overweight (x) 2 | . . 2 Average Overweight (x) . | . . . Largest Inventory Capacity 15 | 8 15 15 Average Capacity 11 | 7 10 15 Most Carried 15 | 6 15 15 Average Carried 10 | 4 9 14 Final Capacity 15 | 8 15 15 Final Carried 14 | 5 14 13 Class Distribution -------------------- 100% | Mutant Dominant Class ---------------- Mutant | -10/Materials Mutant | -10/Mines Resources | -11 -10 -10 ----------- Run | Yrd Mat Min Matter Collected 1091 | 268 601 222 Remotely . | . . . Salvage Created 1396 | 140 1024 232 Parts 101 | 9 77 15 Haulers Intercepted 2 | . 2 . Recyclers Shooed 4 | . 4 . Parts Field Recycled . | . . . Retrieved Matter . | . . . Parts Self-Destructed . | . . . Prevented . | . . . Parts Restored . | . . . Kills | -11 -10 -10 ------- Run | Yrd Mat Min Combat Hostiles Destroyed 28 | . 22 6 Guns 26 | . 20 6 AOE 2 | . 2 . Classes Destroyed 9 | 2 7 . Worker 1 | . 1 . Builder 3 | . 3 . Tunneler 4 | 3 1 . Hauler 2 | . 2 . Recycler 3 | 1 1 1 Operator 2 | . 2 . Watcher 3 | . 3 . Swarmer 8 | . 6 2 Grunt 20 | . 16 4 Best Kill Streak 5 | 4 5 2 Combat Bots Only 4 | . 4 2 Max Kills in Single Turn 5 | 1 5 1 Gunslinging 1 | . 1 . Exploded 2 | . 2 . Melee . | . . . Uniques/NPCs Destroyed . | . . . Combat | -11 -10 -10 -------- Run | Yrd Mat Min Hostile Shots Fired 154 | . 101 53 Missed 47 | . 31 16 Hits 107 | . 70 37 Projectile 107 | . 70 37 AOE 11 | . . 11 Critical Strikes 1 | . . 1 Damage Taken 1583 | . 810 773 Core 277 | . 115 162 Absorbed by Shields . | . . . Core Remaining (%) 100 | 100 . . Volleys Fired 125 | 8 83 34 Largest 2 | 2 2 2 Hottest 130 | 60 130 130 Shots Fired 249 | 16 165 68 Gun 249 | 16 165 68 Cannon . | . . . Launcher . | . . . Special . | . . . Kinetic 223 | 8 159 56 Thermal 26 | 8 6 12 Explosive . | . . . Electromagnetic . | . . . Robot Hit Streak 15 | 4 7 15 Robot Miss Streak 6 | 1 6 5 Penetration Max . | . . . Secondary Targets 6 | . 5 1 Max Gunslinging Chain 1 | . 1 1 Shots Hit Robots 151 | 12 95 44 Core Hits 84 | 5 55 24 Critical Kills . | . . . Critical Parts Destroyed 2 | . 2 . Critical Strikes 2 | . 2 . Destroy 2 | . 2 . Melee Attacks . | . . . Impact . | . . . Slashing . | . . . Piercing . | . . . Sneak Attacks . | . . . Combat Hostiles . | . . . Follow-up Attacks . | . . . Damage Inflicted 2431 | 121 1663 647 Guns 2013 | 121 1245 647 Cannons . | . . . Explosions 418 | . 418 . Melee . | . . . Ramming . | . . . Kinetic 1754 | 54 1197 503 Thermal 677 | 67 466 144 Explosive . | . . . Electromagnetic . | . . . Impact . | . . . Slashing . | . . . Piercing . | . . . Highest Corruption . | . . . Average Corruption . | . . . Corruption Purged . | . . . Corruption Blocked . | . . . Overload Shots . | . . . Overflow Damage 46 | . 46 . Projectiles . | . . . Explosions 46 | . 46 . Melee . | . . . Knockbacks . | . . . Impact . | . . . Kinetic . | . . . Secondary . | . . . Self-Inflicted Damage 69 | . 69 . Shots 1 | . 1 . Rammed 1 | . . 1 Targets Rammed 1 | . . 1 Kicked . | . . . Crushed . | . . . Highest Temperature 360 | 40 81 360 Average Temperature 55 | 15 9 92 Received Heat Transfer 498 | . 324 174 Siege Activations . | . . . Martial Activations . | . . . Shielding Activations . | . . . Robots Disrupted . | . . . Combat Hostiles . | . . . Robots Corrupted . | . . . Combat Hostiles . | . . . Parts Fried . | . . . Impact Corruptions . | . . . Robots Melted . | . . . Combat Hostiles . | . . . Parts Melted . | . . . Heat Transferred 720 | 150 380 190 Parts Sabotaged . | . . . Parts Stolen . | . . . Parts Stripped . | . . . Power Chain Reactions . | . . . Alert | -11 -10 -10 ------- Run | Yrd Mat Min Maximum Alert Level 1 | . 1 . Low Security (%) 69 | 100 53 100 Level 1 30 | . 46 . Level 2 . | . . . Level 3 . | . . . Level 4 . | . . . Level 5 . | . . . High Security . | . . . Max Security . | . . . Peak Influence 316 | 5 316 96 Initial 96 | . . 96 Average 126 | 1 177 32 Influence Increases 1028 | 20 807 201 Destroy 0b10 Robot/C 560 | . 440 120 Destroy 0b10 Robot/NC 90 | 20 65 5 Destroy Leader 120 | . 90 30 Allied During Kill 1 | . . 1 Successful Hack 18 | . 18 . Select Force Hacks 60 | . 60 . Disable Machine 105 | . 90 15 Destroy Structure 14 | . 14 . Lose Combat Pursuer 60 | . 30 30 Influence Decreases 1028 | 20 559 449 Entered New Map 152 | . . 152 Time Decay 833 | 20 539 274 Lost Part 30 | . 20 10 Lost Ally 13 | . . 13 Squads Dispatched 5 | . 5 . Investigation 3 | . 3 . Extermination . | . . . Reinforcement 2 | . 2 . Assault . | . . . Garrison . | . . . Intercept . | . . . Searches Triggered . | . . . Construction Impeded . | . . . Haulers Reinforced . | . . . Active Scanning Responses . | . . . Cargo Convoy Interrupts . | . . . Stealth | -11 -10 -10 --------- Run | Yrd Mat Min Distress Signals 3 | . 3 . Communications Jammed . | . . . Distress Signals . | . . . Times Spotted 44 | . 33 11 Peak Tracking Total 5 | . 5 3 Tactical Retreats 3 | . 1 2 Traps | -11 -10 -10 ------- Run | Yrd Mat Min Traps Triggered 1 | . 1 . Indirectly . | . . . Trap Hack Attempts . | . . . Triggered . | . . . Disarmed . | . . . Reprogrammed . | . . . Reused . | . . . Traps Extracted . | . . . Installed . | . . . Triggered . | . . . Machines | -11 -10 -10 ---------- Run | Yrd Mat Min Machines Disabled 7 | . 6 1 Max in Single Turn 5 | . 5 1 Machines Repaired . | . . . Machines Dismantled . | . . . Machines Sabotaged . | . . . Overloaded Fab Kills . | . . . Hacking | -11 -10 -10 --------- Run | Yrd Mat Min Machines Accessed 8 | . 8 . Terminals 6 | . 6 . Fabricators . | . . . Repair Stations . | . . . Recycling Units 2 | . 2 . Scanalyzers . | . . . Garrison Access . | . . . Total Hacks 20 | . 20 . Successful 11 | . 11 . Failed 9 | . 9 . Catastrophic 2 | . 2 . Database Lockouts . | . . . Manual 18 | . 18 . Terminals 15 | . 15 . Fabricators . | . . . Repair Stations . | . . . Recycling Units 5 | . 5 . Scanalyzers . | . . . Garrison Access . | . . . Terminal Hacks 1 | . 1 . Zone Layout 1 | . 1 . Fabricator Hacks . | . . . Repair Station Hacks . | . . . Recycling Unit Hacks 2 | . 2 . Retrieve Components 2 | . 2 . Scanalyzer . | . . . Garrison Access Hacks . | . . . Unauthorized Hacks 8 | . 8 . Terminals 6 | . 6 . Operators 1 | . 1 . Skim 5 | . 5 . Fabricators . | . . . Repair Stations . | . . . Recycling Units 2 | . 2 . Tunnel 2 | . 2 . Scanalyzers . | . . . Garrison Access . | . . . Data Cores Recovered . | . . . Used . | . . . Hacking Detections 6 | . 6 . Full Trace Events . | . . . Feedback Events . | . . . Feedback Blocked . | . . . Robot Schematics Acquired . | . . . Robots Built . | . . . Authchips . | . . . Time . | . . . Total Robot Build Rating . | . . . Part Schematics Acquired . | . . . Parts Built . | . . . Authchips . | . . . Time . | . . . Total Part Build Rating . | . . . Part Studies Acquired . | . . . Parts Repaired . | . . . Time . | . . . Parts Recycled . | . . . Recycled Matter . | . . . Retrieved Matter . | . . . Retrieved Components 20 | . 20 . Parts Scanalyzed . | . . . Part Schematics Acquired . | . . . Parts Damaged . | . . . Bothacking | -11 -10 -10 ------------ Run | Yrd Mat Min Used RIF Installer . | . . . Robots Hacked . | . . . Non-combat . | . . . Combat . | . . . Robot Hacks Applied . | . . . Relay Couplers Released . | . . . Fabnet Peak Effective % . | . . . Robots Rewired . | . . . Allies Hacked . | . . . Hacks Repelled . | . . . Allies | -11 -10 -10 -------- Run | Yrd Mat Min Total Allies 1 | . . 1 Largest Group 1 | . . 1 Highest-Rated Group 31 | . . 31 Highest-Rated Ally 31 | . . 31 Total Orders . | . . . Ally Attacks 6 | . . 6 Total Damage 22 | . . 22 Kills . | . . . Allies Corrupted . | . . . Allies Melted . | . . . Intel | -11 -10 -10 ------- Run | Yrd Mat Min Active Infowar (turns) 376 | 1 375 . Seismic 376 | 1 375 . Robot Analysis Total . | . . . Derelict Logs Recovered 2 | . . 2 Drone Launches . | . . . Drone Recoveries . | . . . Exploration | -11 -10 -10 ------------- Run | Yrd Mat Min Turns Passed 2436 | 117 1608 711 Spaces Moved 1317 | 57 801 459 Core 13 | 13 . . Treads 925 | 44 801 80 Legs . | . . . Wheels 379 | . . 379 Hover . | . . . Flight . | . . . Fastest Speed 50 | 50 160 115 Average Speed 146 | 134 160 124 Slowest Speed 240 | 160 160 240 Overloaded Moves . | . . . Propulsion Burnouts . | . . . Robots Hopped . | . . . Potential Cave-ins . | . . . Cave-ins Triggered . | . . . Exploration Rate (%) 63 | 4 97 88 Regions Visited 2 Branch Regions 1 Pre-discovered Areas 4 | . 2 2 Known Exits Taken . | . . . Unknown Exits Taken 2 | 1 1 . Scrap Searched 1 | . . 1 Spaces Dug . | . . . Terrain Destroyed 14 | . 14 . Melee . | . . . Projectile . | . . . AOE 14 | . 14 . Terrain Rammed . | . . . Walls Destroyed . | . . . Machines Disabled . | . . . Actions | -11 -10 -10 --------- Run | Yrd Mat Min Total 1591 | 83 969 539 Wait 67 | . 30 37 Move 1315 | 56 800 459 Hop . | . . . Pick Up 36 | 12 22 2 Fast Attach 4 | . 4 . Attach 13 | 7 3 3 Detach . | . . . Swap 12 | . 9 3 Drop 18 | . 18 . Fire 125 | 8 83 34 Melee . | . . . Ram 1 | . . 1 Kick . | . . . Crush . | . . . Escape Stasis . | . . . Rewire . | . . . Trap . | . . . Miscellaneous . | . . . Route ------- -11/Scrapyard -10/Materials (discovered 5 exits: [*Mat x3] / [*Min x2]) -10/Mines (discovered 2 exits: [*Mat x2]) History --------- Turn | Location | Event 2 | -11/Scrapyard | Met Revision 17 9 | -11/Scrapyard | Discovered new exit (range 15) 118 | -11/Scrapyard | Entered Materials 169 | -10/Materials | Discovered new exit (range 15) 307 | -10/Materials | Build established: Mutant 507 | -10/Materials | Discovered new exit (range 8) 764 | -10/Materials | Discovered new exit (range 10) 892 | -10/Materials | Discovered new exit (range 11) 1025 | -10/Materials | Discovered new exit (range 3) 1726 | -10/Materials | Entered Mines 1830 | -10/Mines | Discovered new exit (range 14) 1895 | -10/Mines | Core integrity fell below 50% 1994 | -10/Mines | Learned location of Zion (-6) 2100 | -10/Mines | Discovered new exit (range 15) 2216 | -10/Mines | Learned location of Storage (-7) 2246 | -10/Mines | Found a Scrap Suit stashed away for nefarious purposes 2358 | -10/Mines | Received a Mining Laser from a helpful Derelict 2405 | -10/Mines | Assembled infested the area 2434 | -10/Mines | Core integrity fell below 20% 2437 | -10/Mines | Destroyed by D-53 Grenadier with Mini Grenade Launcher Last Messages --------------- 02271_ K-01 Serf collects debris. 02356_ A derelict emerges from the shadows: "What are you doing alone down here?" 02358_ YW-1LC(g): "And why aren't you carrying a mining laser?! Certainly you don't want THEM to uncover you when the ceiling comes crashing down? Here, take my spare." 02361_ YW-1LC(g): "You're apparently new around these parts, I'll cover you." 02365_ YW-1LC(g): "Mining lasers are a lot more useful than you might think..." 02390_ G-34 Mercenary destroyed. 02403_ Acquired 32 matter. 02405_ ALERT: Infestation in the mines, dispatching Demolisher response squad. 02421_ The unstable cave ceiling collapses. 02421_ YW-1LC(g) destroyed. 02423_ The unstable cave ceiling collapses. 02429_ Autogun destroyed. 02429_ Lgt. Armor Plating destroyed. 02431_ The unstable cave ceiling collapses. Map ----- +----------------------------------------------------+ | | | | | | | | | | | | | | | | | | | | | ?????????????????????????????????????????????????? | | ?????????????????????????????????????????????????? | | ????????????????????????????????????????????????## | | ???????????????????????????????????????????????## | | ???????????????????????????????????????????????# | | ??????????????????####?????????????????????????? | | ?????????????????## ??????????????????????????# | | ???????????????### ?????????????????????????# | | ???????????????? ???????##????????????????## | | ?????????????????# ####### ####??????????????# | | ??????????????????# ##?????????????# | | ?????????????????## #????????????## | | ?????????????????# # ############### | | ?????????????????# %=d | | ?????????????????# = d | | ??????????????????# @ ############# | | ??????????????????# # #???????????## | | ??????????????????# # ###???????????# | | ???????????????? ##???????????????# | | ???????????????####### ##???????????????## | | ?????????????????????# #####???????????????## | | ?????????????????????# #???################# | | ?????????????????????# | | ?????????????????????# #???## #### #### ##### # | | ?????????????????????# #????# #??# #??# #???##### | | ?????????####????????# #????# #??# #??# #???????? | | ??????#### ##???????# #????# #??# #??# #???????# | | ?????## ##??????# #????# ##?# #??# #?????## | | ?????# ##?????# #???## ### #??# #???### | | ??#### #?????# ##### ## #??# ##### | | ??# ##?????# # #??# ? | | ??# #### ##?????## ######??##??# | | ??# #??# ## #?????## """" ##??# ####??# | | ??# #??# ## ####??# """" ##???# = ##??# | | ??# #??# ## #### """" ##????# ???# | | ??# #??# #### ##??????# ????# | | ?## #??# ???# ##????????# #?????# | | ## ##?# ??####### ###??????????# ##????# | | # #?## ????????# ##????????????# ##??## | | ##??# ???????# ##?????????????# #### | +----------------------------------------------------+ Best States ------------- Heat Dissipation 25 Energy Generation 14 Energy Capacity 265 Matter Stores 300 Matter Capacity 300 Sight Range 16 Terrain Scan Density 10 Armor Coverage 150 Evasion (%) 50 Recoil Reduction 2 Item Schematics ----------------- None Robot Schematics ------------------ None Fabricated ------------ Nothing Repaired ---------- Nothing Studied --------- None Alien Tech Used ----------------- None Achievements -------------- None Challenges ------------ None Game ------ Seed NovaAluminumInsulator Manual? 0 Play Time 00:13:22 Cumulative 454.0 hours Start 2025.11.01 @ 07:36:24 End 2025.11.01 @ 07:47:22 Sessions 1 Manual Loads 0 Difficulty Rogue Special Mode None Game No. 575 Rogue 575 Adventurer 0 Explorer 0 Win Type - Total 14 Types 6/0/2/2/1/0/2/1/0/0 Lore% 90 Gallery% 85 Achievement% 61 Wizard Run 0 Options --------- Layout 0 ASCII 0 Keyboard 0 Movement Mouse Keybinds 0 Fullscreen 1 Font 24/Terminus Map View 76x50 Zoom Use 0% Tactical HUD 1 Map Filters NONE Filters NONE Steam 1 RUN: 6f4bce13-a088-43e6-aaef-844f030807f9